 Dungeon Crawl Stone Soup version 0.21-a0-1-gaf3b9a5 (webtiles) character file.

23154 anfisbena the Severer (level 13, -22/113 HPs)
             Began as a Hill Orc Fighter on May 20, 2017.
             Was a High Priest of Uskayaw.
             Annihilated by a frost giant
             ... wielding a +0 battleaxe of freezing
              (34 damage)
             ... in an ice cave.
             The game lasted 00:18:38 (15323 turns).

anfisbena the Severer (Hill Orc Fighter)           Turns: 15323, Time: 00:18:39

Health: -22/113    AC: 18    Str: 28    XL:     13   Next: 4%
Magic:  19/21      EV:  5    Int:  8    God:    Uskayaw [*****.]
Gold:   734        SH: 21    Dex: 19    Spells: 12/12 levels left

rFire    . . .     SeeInvis .   a - +0 war axe
rCold    . . .     Gourm    .   t - +2 large shield
rNeg     . . .     Faith    .   x - +0 plate armour
rPois    .         Spirit   .   (no helmet)
rElec    .         Reflect  .   e - +0 cloak
rCorr    .         Harm     .   (no gloves)
MR       .....                  k - +1 pair of boots
Stlth    ..........             (no amulet)
Regen    0.3/turn               A - +5 ring of dexterity
MPRegen  0.2/turn               z - +3 ring of strength

@: mighty
A: no striking features
a: Stomp, Line Pass, Grand Finale, Renounce Religion


You were in an ice cave.
You worshipped Uskayaw.
Uskayaw was aware of your devotion.
You were not hungry.

You visited 2 branches of the dungeon, and saw 13 of its levels.
You also visited: Ice Cave.

You collected 734 gold pieces.

Inventory:

Hand Weapons
 a - a +0 war axe (weapon)
Armour
 e - a +0 cloak (worn)
 k - a +1 pair of boots (worn)
 t - a +2 large shield (worn)
 x - a +0 plate armour (worn)
Jewellery
 z - a +3 ring of strength (right hand)
 A - a +5 ring of dexterity (left hand)
Wands
 D - a wand of clouds (2/9)
 E - a wand of confusion (21/48)
 H - a wand of clouds (4/9)
 I - a wand of lightning (4/15)
Scrolls
 i - 2 scrolls of blinking
 l - 5 scrolls of recharging
 n - 10 scrolls of remove curse
 p - 5 scrolls of teleportation
 u - a scroll of fog
 v - 2 scrolls of fear
 y - 2 scrolls of enchant weapon
 C - a scroll of magic mapping
Potions
 b - a potion of flight {unknown}
 c - a potion of resistance
 d - 2 potions of might
 h - a potion of haste {unknown}
 o - 3 potions of magic {unknown}
 q - a potion of agility {unknown}
 r - 7 potions of curing
 s - 3 potions of degeneration {unknown}
 w - 3 potions of heal wounds
 B - 4 potions of mutation {unknown}
 F - a potion of invisibility {unknown}
Comestibles
 f - 8 bread rations
 g - 7 royal jellies
 j - 6 fruits
 m - 7 meat rations
 G - 13 chunks of flesh


   Skills:
 - Level 10.1 Fighting
 + Level 15.6 Axes
 + Level 10.8 Armour
 + Level 10.7 Shields
 + Level 10.9 Invocations


You had 12 spell levels left.
You didn't know any spells.

Dungeon Overview and Level Annotations

Branches:
Dungeon (12/15)            Temple (1/1) D:6            Lair (0/6) D:8
    Orc (0/2) D:9

Altars:
Ashenzari
Cheibriados
Dithmenos
Elyvilon
Fedhas
Gozag
Hepliaklqana
Kikubaaqudgha
Makhleb
Nemelex Xobeh
Okawaru
Qazlal
Ru
Sif Muna
Trog
Uskayaw
Vehumet
Wu Jian
Xom
Yredelemnul
Zin
The Shining One

Shops:
D:8 *


Message History

The frost giant points at you and mumbles some strange words.
The bolt of cold hits you!
You can now merge with and destroy a victim.
You slash the frost giant!
You kill the yak!
You have reached level 13!
The frost giant is moderately wounded.
You slash the rime drake! You block the rime drake's attack.
You slash the frost giant!
You kill the yak!
You kill the rime drake!
You kill the polar bear!
You kill the yak!
The frost giant is severely wounded.
The frost giant casts a spell at you. The bolt of cold hits you!
* * * LOW HITPOINT WARNING * * *
You hit the frost giant.
The frost giant is severely wounded.
You slash the yak!
The frost giant hits you with a battleaxe of freezing!!
You die...

###.##
##.#
##.#
#..#
#.##
#.##
##.#
##.#
#Y@#
#.C##
#.h†
...†#
#....
##..#
#..
###


You could see a frost giant, a polar bear and a yak.

Vanquished Creatures
  Erica (D:9)
  4 two-headed ogres
  The ghost of Gorglomux the Slinger, a novice HaHu of Okawaru (D:11)
  The ghost of Jawreze the Carver, a novice DsGl of Uskayaw (D:9)
  Pikel (D:8)
  A cyclops (D:12)
  An ugly thing (D:10)
  A centaur skeleton (D:11)
  3 rime drakes (IceCv)
  A kobold demonologist (D:12)
  3 trolls
  10 polar bears (IceCv)
  Grinder (D:5)
  A hornet (D:10)
  A hippogriff (D:11)
  6 wyverns
  25 yaks
  A hungry ghost (D:9)
  3 vampire mosquitoes (D:12)
  A steam dragon (D:8)
  3 ice beasts
  9 orc warriors
  3 black bears
  4 sky beasts
  6 ogres
  A phantom (D:7)
  3 slaves (D:8)
  A necrophage (D:8)
  9 wolves (IceCv)
  6 centaurs
  2 crocodiles (D:8)
  5 bullfrogs
  2 big kobolds
  2 wyvern zombies
  A gnoll sergeant (D:8)
  A water moccasin skeleton (D:10)
  3 scorpions
  17 killer bees
  7 wights
  7 howler monkeys
  6 crimson imps
  4 jellies
  3 hounds
  Crazy Yiuf (D:2)
  8 orc priests
  3 iron imps (D:6)
  13 orc wizards
  Natasha (thrice) (D:2)
  3 iguanas
  13 worker ants
  2 hound skeletons
  A howler monkey zombie (D:7)
  2 worker ant zombies
  5 gnolls (D:8)
  13 adders
  2 shadow imps
  9 white imps (D:12)
  3 oozes
  An adder zombie (D:7)
  2 worms
  3 dart slugs
  4 leopard geckos
  58 orcs
  8 bats
  5 giant cockroaches
  8 goblins
  11 hobgoblins
  4 jackals (D:8)
  3 quokkas
  5 ball pythons
  4 frilled lizards
  A giant cockroach zombie (D:6)
  20 kobolds
  A leopard gecko skeleton (D:4)
  A quokka skeleton (D:4)
  3 rats
  2 fungi (D:2)
  A plant (D:1)
398 creatures vanquished.

Vanquished Creatures (others)
  A slave (D:8)
  A plant (D:8)
2 creatures vanquished.

Grand Total: 400 creatures vanquished

Notes
Turn   | Place    | Note
-------+----------+-------------------------------------------
     0 | D:1      | anfisbena the Hill Orc Fighter began the quest for the Orb.
     0 | D:1      | Reached XP level 1. HP: 19/19 MP: 1/1
    31 | D:1      | Reached skill level 3 in Axes
    69 | D:1      | Reached XP level 2. HP: 24/27 MP: 2/2
   304 | D:1      | Reached XP level 3. HP: 33/33 MP: 3/3
   614 | D:1      | Reached skill level 4 in Axes
   752 | D:2      | Found a stormy altar of Qazlal.
  1113 | D:2      | Found a blossoming altar of Fedhas.
  1447 | D:2      | Reached XP level 4. HP: 34/41 MP: 4/4
  1510 | D:2      | Noticed Natasha
  1519 | D:2      | Killed Natasha
  1607 | D:2      | Noticed Natasha
  1608 | D:2      | You fall through a shaft for 2 floors!
  1641 | D:4      | Reached skill level 5 in Fighting
  1641 | D:4      | Reached skill level 5 in Axes
  1642 | D:4      | Found a sacrificial altar of Ru.
  1786 | D:3      | Reached XP level 5. HP: 18/48 MP: 5/5
  2175 | D:3      | You fall through a shaft for 2 floors!
  2175 | D:5      | Entered Level 5 of the Dungeon
  2714 | D:2      | Killed Natasha
  2714 | D:2      | Reached skill level 6 in Axes
  3051 | D:2      | Reached XP level 6. HP: 57/57 MP: 6/6
  3077 | D:2      | Noticed Natasha
  3088 | D:2      | Killed Natasha
  3307 | D:2      | Found a runed door.
  3311 | D:2      | Noticed Crazy Yiuf
  3315 | D:2      | Killed Crazy Yiuf
  3764 | D:4      | Reached skill level 7 in Axes
  4292 | D:5      | Reached XP level 7. HP: 56/64 MP: 7/7
  4514 | D:5      | Noticed Grinder
  4529 | D:5      | Paralysed by Grinder for 2 turns
  4532 | D:5      | Paralysed by Grinder for 7 turns
  4547 | D:5      | Killed Grinder
  4547 | D:5      | Reached skill level 8 in Axes
  4664 | D:5      | Found an opulent altar of Gozag.
  5427 | D:6      | Reached XP level 8. HP: 55/74 MP: 8/8
  5564 | D:6      | Reached skill level 9 in Axes
  5716 | D:6      | Found a staircase to the Ecumenical Temple.
  5725 | Temple   | Entered the Ecumenical Temple
  5753 | Temple   | Became a worshipper of Uskayaw the Reveler
  5866 | D:6      | Reached * piety under Uskayaw
  5970 | D:6      | Found a sacrificial altar of Ru.
  6085 | D:6      | Noticed a wyvern
  6088 | D:6      | Reached ** piety under Uskayaw
  6096 | D:6      | Killed a wyvern
  6252 | D:6      | Found a burning altar of Makhleb.
  6267 | D:6      | Reached *** piety under Uskayaw
  6269 | D:6      | Reached **** piety under Uskayaw
  6626 | D:6      | Reached skill level 10 in Axes
  6974 | D:7      | Found a shadowy altar of Dithmenos.
  6982 | D:7      | Reached XP level 9. HP: 76/85 MP: 9/9
  6996 | D:7      | Reached skill level 10 in Fighting
  6996 | D:7      | Reached skill level 11 in Axes
  8221 | D:8      | Noticed a two-headed ogre
  8232 | D:8      | Killed a two-headed ogre
  8232 | D:8      | Reached skill level 12 in Axes
  8232 | D:8      | Reached skill level 5 in Armour
  8232 | D:8      | Reached skill level 5 in Shields
  8232 | D:8      | Reached XP level 10. HP: 71/93 MP: 10/10
  8412 | D:8      | Reached skill level 1 in Invocations
  8418 | D:8      | Reached ***** piety under Uskayaw
  8427 | D:8      | Noticed a two-headed ogre
  8431 | D:8      | Killed a two-headed ogre
  8431 | D:8      | Reached ****** piety under Uskayaw
  8723 | D:8      | Found Adeiwog's General Store.
  9199 | D:8      | Found a staircase to the Lair.
  9239 | D:8      | Noticed Pikel
  9249 | D:8      | Killed Pikel
  9249 | D:8      | Reached skill level 13 in Axes
  9446 | D:8      | Reached skill level 5 in Invocations
  9899 | D:9      | Reached XP level 11. HP: 99/99 MP: 15/15
  9901 | D:9      | Found a staircase to the Orcish Mines.
 10059 | D:9      | Noticed Jawreze's ghost (novice DsGl)
 10081 | D:9      | Killed Jawreze's ghost
 10161 | D:9      | Noticed Erica
 10182 | D:9      | Killed Erica
 10939 | D:9      | Noticed a two-headed ogre
 10945 | D:9      | Killed a two-headed ogre
 11284 | D:10     | Entered Level 10 of the Dungeon
 11396 | D:10     | Reached skill level 14 in Axes
 11892 | D:10     | Noticed a white ugly thing
 11901 | D:10     | Killed a white ugly thing
 12350 | D:10     | Noticed a two-headed ogre
 12365 | D:10     | Killed a two-headed ogre
 12759 | D:11     | Reached XP level 12. HP: 103/106 MP: 18/18
 12800 | D:11     | Noticed Gorglomux's ghost (novice HaHu)
 12820 | D:11     | Killed Gorglomux's ghost
 14238 | D:12     | Found a frozen archway.
 14263 | IceCv    | Entered an ice cave
 14585 | IceCv    | Reached skill level 15 in Axes
 14588 | IceCv    | Reached skill level 10 in Armour
 14588 | IceCv    | Reached skill level 10 in Shields
 14784 | IceCv    | Reached skill level 10 in Invocations
 15302 | IceCv    | Noticed a frost giant
 15321 | IceCv    | Reached XP level 13. HP: 43/113 MP: 19/21
 15323 | IceCv    | Annihilated by a frost giant

Vault maps used:
D:1:      lightli_arrival_windingriver, serial_forest, infiniplex_forest_end_1,
          infiniplex_forest_straight_2, infiniplex_forest_fountain,
          infiniplex_forest_straight_4, infiniplex_forest_pool,
          infiniplex_forest_straight_5, infiniplex_forest_straight_1,
          infiniplex_forest_lined_corner
D:2:      lemuel_doored_altar, nicolae_qazlal_eye_of_the_storm, uniq_natasha,
          uniq_crazy_yiuf_cottage
D:3:      serial_park_tiny_2
D:4:      lemuel_crystal_altar, first_bread
D:5:      overflow_temple_1_default, uniq_grinder
D:6:      demons_altar, temple_hall, kennysheep_small_spiral,
          nicolae_ru_sacrificial_ziggurat
D:7:      nicolae_dithmenos_shadow_blocks
D:8:      erik_lair_dragon, serial_shops, kennysheep_mini_moat,
          serial_bayou_ford_a, uniq_pikel
D:9:      orc_0_dummy, grunt_ogre_cave, uniq_erica
D:10:     fountainhead
D:12:     portal_ice_cave_entry_imps, minmay_the_grid_square_5x5_3x3_mashed
Temple:   compressed_dpeg_circular_temple
IceCv:    ice_cave_caverns_03

Skill      XL: |  1  2  3  4  5  6  7  8  9 10 11 12 |
---------------+-------------------------------------+-----
Axes           | 3 4 5 6 7 8 10 12 13 14 15 | 15.6
Fighting       | 4 5 6 7 9 10 | 10.1
Shields        | 5 7 9 10 | 10.7
Armour         | 5 7 9 10 | 10.8
Invocations    | 5 8 10 | 10.9

Action                   |  1- 3 |  4- 6 |  7- 9 | 10-12 | 13-15 || total
-------------------------+-------+-------+-------+-------+-------++-------
Melee: War axe           |   132 |   224 |   232 |   941 |     2 ||  1531
  Use: Scroll            |       |       |    14 |     6 |       ||    20
       Potion            |       |       |       |     2 |       ||     2
 Stab: Paralysed         |       |       |     9 |    74 |       ||    83
  Eat: Chunk             |     2 |     9 |    13 |    25 |       ||    49
Armor: Scale mail        |    48 |    47 |       |       |       ||    95
       Plate armour      |       |    58 |    71 |   310 |       ||   439
Dodge: Dodged            |    34 |    34 |    11 |    74 |       ||   153
Block: Shield            |    48 |    34 |       |       |       ||    82
       Large shield      |       |   112 |   172 |   786 |     1 ||  1071
